 Dungeon Crawl Stone Soup version 0.32-a0-42-ga30500b4d3 (webtiles) character file.

Game seed: 13688878387128779379

10424 gruber the Destroyer (level 11, -2/64 HPs)
             Began as a Deep Elf Conjurer on Feb 1, 2024.
             Was a Priest of Vehumet.
             Slain by Snorg (5 damage)
             ... on level 11 of the Dungeon.
             The game lasted 00:14:51 (11365 turns).

gruber the Destroyer (Deep Elf Conjurer)           Turns: 11365, Time: 00:14:52

Health: -2/64      AC:  9    Str:  6    XL:     11   Next: 36%
Magic:  3/29       EV: 14    Int: 31    God:    Vehumet [***...]
Gold:   592        SH:  0    Dex: 13    Spells: 27/34 levels left

rFire   . . .        D - +5 sling "Ikareqy" {flame, rCorr Str+2}
rCold   . . .        (no shield)
rNeg    . . .        h - +1 leather armour "Daenuhakh" {Fly rElec rPois Int+3}
rPois   +            (no helmet)
rElec   +            (no cloak)
rCorr   +            s - +0 pair of gloves
SInv    .            (no boots)
Will    ++...        (no amulet)
Stlth   ++           B - +4 ring of protection
HPRegen 0.30/turn    G - ring of willpower
MPRegen 0.21/turn

%: no passive effects
@: flying
A: no striking features
a: Renounce Religion


You were on level 11 of the Dungeon.
You worshipped Vehumet.
Vehumet was most pleased with you.
You visited 1 branch of the dungeon, and saw 11 of its levels.

You collected 592 gold pieces.

Inventory:

Hand Weapons
 D - the +5 sling "Ikareqy" (weapon) {flame, rCorr Str+2}
   (You found it on level 7 of the Dungeon)

   Str+2:     It affects your strength (+2).
   rCorr:     It protects you from acid and corrosion.
Missiles
 p - 3 throwing nets
Armour
 h - the +1 leather armour "Daenuhakh" (worn) {Fly rElec rPois Int+3}
   (You found it on level 2 of the Dungeon)

   Int+3:     It affects your intelligence (+3).
   rElec:     It insulates you from electricity.
   rPois:     It protects you from poison Fly: It grants you flight.
 s - a +0 pair of gloves (worn)
Jewellery
 w - a ring of protection from cold
 B - a +4 ring of protection (left hand)
 G - a ring of willpower (right hand)
 I - a ring of positive energy
 K - a ring of see invisible
Wands
 j - a wand of digging (6)
 A - a wand of flame (18)
 C - a wand of charming (10)
 F - a wand of mindburst (9)
Scrolls
 b - a scroll of vulnerability {unknown}
 c - 5 scrolls of identify {unknown}
 d - a scroll of noise {unknown}
 e - 4 scrolls of teleportation {unknown}
 i - a scroll of fear {unknown}
 m - a scroll of enchant weapon {unknown}
 n - 2 scrolls of immolation {unknown}
 t - 2 scrolls of amnesia {unknown}
 v - 3 scrolls of fog {unknown}
 x - 5 scrolls of poison {unknown}
 y - 2 scrolls of blinking {unknown}
 E - a scroll of torment {unknown}
 H - a scroll of brand weapon {unknown}
 J - a scroll of revelation {unknown}
Potions
 a - a potion of curing
 f - 2 potions of degeneration {unknown}
 g - 3 potions of might {unknown}
 k - a potion of ambrosia {unknown}
 l - 2 potions of attraction {unknown}
 o - a potion of resistance {unknown}
 q - 2 potions of mutation {unknown}
 r - a potion of lignification {unknown}
 u - a potion of brilliance {unknown}
 z - a potion of haste {unknown}


   Skills:
 - Level 6.0 Fighting
 + Level 1.3 Armour
 - Level 7.0 Dodging
 - Level 2.4 Stealth
 - Level 12.0 Spellcasting
 - Level 14.0 Conjurations
 - Level 3.0 Translocations


You had 27 spell levels left.
You knew the following spells:

 Your Spells              Type           Power      Damage    Failure   Level
a - Magic Dart            Conj           100%       1d8       0%          1
b - Searing Ray           Conj           100%       2d8       0%          2
c - Iskenderun's Mystic   Conj/Tloc      63%        2d13      1%          4

Your spell library contained the following spells:

 Spells                   Type           Power      Damage    Failure   Level
 Static Discharge         Conj/Air       100%       3-8/arc   1%          2
 Dazzling Flash           Conj/Hex       100%       N/A       1%          3
 Mephitic Cloud           Conj/Alch/Air  47%        N/A       1%          3
 Fulminant Prism          Conj/Alch      29%        3d14      1%          4
 Ensorcelled Hibernation  Hex/Ice        36%        N/A       6%          2
 Call Canine Familiar     Summ           18%        N/A       12%         3
 Fugue of the Fallen      Necr           18%        N/A       12%         3
 Sigil of Binding         Hex            18%        N/A       12%         3
 Tukima's Dance           Hex            18%        N/A       12%         3
 Dimensional Bullseye     Hex/Tloc       13%        N/A       22%         4
 Anguish                  Hex/Necr       9%         N/A       38%         4
 Curse of Agony           Necr           18%        N/A       75%         5
 Silence                  Hex/Air        9%         N/A       75%         5


Dungeon Overview and Level Annotations

Branches:
Dungeon (11/15)            Temple (0/1) D:6            Lair (0/5) D:10
    Orc: D:9-12

Altars:
Ashenzari
Fedhas
Gozag
Makhleb
Nemelex Xobeh
Okawaru
Ru
Vehumet
Wu Jian
The Shining One

Annotations:
D:3 1 transporter, KimchiStew's ghost, amateur AtWr
D:11 Snorg


Message History

You erupt in a blast of force!
The mystic blast hits Snorg!
Snorg is severely wounded.
Snorg is knocked back by the mystic blast.
Unknown command.
Unknown command.
Unknown command.
Okay, then.
Aiming: Polymorph
Press: ? - help, Shift-Dir - straight line, f/p - Snorg
Aim: Snorg (severely wounded, berserk, will become a hog, a two-headed ogre, or a naga, chance to affect: 17%) Snorg resists with almost no effort.
Unknown command.
Aiming: Polymorph
Press: ? - help, Shift-Dir - straight line, f/p - Snorg
Aim: Snorg (severely wounded, berserk, will become a hog, a two-headed ogre, or a naga, chance to affect: 17%) Snorg resists with almost no effort.
Snorg bites you!! Snorg closely misses you. Snorg claws you but does no damage.
Unknown command.
Aiming: Polymorph
Press: ? - help, Shift-Dir - straight line, f/p - Snorg
Aim: Snorg (heavily wounded, berserk, will become a hog, a two-headed ogre, or a naga, chance to affect: 17%) Snorg resists with almost no effort.
Snorg misses you. Snorg closely misses you. Snorg barely misses you.
Unknown command.
Unknown command.
Snorg attacks as she pursues you! Snorg barely misses you. Snorg claws you! x2
* * * LOW HITPOINT WARNING * * *
Snorg barely misses you. x3
Snorg misses you. Snorg closely misses you. Snorg claws you!
* * * LOW HITPOINT WARNING * * *
Unknown command.
Unknown command.
Aiming: Polymorph
Press: ? - help, Shift-Dir - straight line, f/p - Snorg
Aim: Snorg (heavily wounded, berserk, will become a hog, a two-headed ogre, or a naga, chance to affect: 17%) Snorg resists with almost no effort.
The now-empty wand crumbles to dust.
Snorg bites you.
* * * LOW HITPOINT WARNING * * *
Snorg closely misses you. Snorg claws you.
You die...

....#......... #...#..
##'##......... #......
#....†##########..####
#....)'............#
#.....#.[<.........#
#.....#...##.......#
#.....######..##...#
#....T+ ##..##..##
#....@# #...#####
####### #....# #....#
#....# #....# ###+##


You could see Snorg (berserk).

Vanquished Creatures
  Erica (D:10)
  3 two-headed ogres
  Pikel (D:8)
  An ugly thing (D:8)
  A kobold demonologist (D:9)
  A hornet (D:10)
  Grinder (D:3)
  4 wyverns
  4 yaks (D:10)
  Eustachio (D:6)
  A wraith (D:10)
  3 steam dragons
  Grum (D:10)
  Menkaure (D:6)
  An acid dragon (D:11)
  4 water moccasins
  A sky beast (D:7)
  2 black bears
  An ogre (D:6)
  An ice beast (D:5)
  5 orc warriors
  4 centaurs
  4 wolves (D:10)
  4 lemures (D:8)
  A phantom (D:5)
  4 kobold brigands
  4 bullfrogs
  4 scorpions
  4 wights
  9 killer bees
  2 bombardier beetles
  4 howler monkeys
  2 jellies
  6 orc priests
  A hound (D:3)
  2 sleepcaps
  5 iguanas
  7 orc wizards
  8 gnolls
  4 adders
  2 shadow imps
  3 white imps (D:5)
  2 ufetubi (D:6)
  2 dart slugs (D:1)
  2 ribbon worms
  33 orcs
  7 ball pythons
  4 bats
  7 endoplasms
  2 giant cockroaches
  9 goblins
  8 hobgoblins
  3 jackals (D:5)
  20 kobolds
  2 quokkas
  A frilled lizard (D:2)
  3 rats
  A spectral goblin (D:2)
229 creatures vanquished.

Notes
Turn   | Place    | Note
-------+----------+-------------------------------------------
     0 | D:1      | gruber the Deep Elf Conjurer began the quest for the Orb.
     0 | D:1      | Reached XP level 1. HP: 10/10 MP: 6/6
   194 | D:1      | Reached XP level 2. HP: 11/15 MP: 1/8
   450 | D:1      | Reached skill level 5 in Conjurations
  1126 | D:2      | Identified the +1 leather armour "Daenuhakh" {Fly rElec
                  | rPois Int+3}
  1270 | D:2      | Found a faded altar of an unknown god.
  1276 | D:2      | Learned a level 2 spell: Searing Ray
  1302 | D:2      | Reached XP level 3. HP: 19/19 MP: 6/9
  1761 | D:3      | Found a transporter.
  1763 | D:3      | Noticed KimchiStew's ghost (amateur AtWr)
  1763 | D:3      | Noticed a wight
  1803 | D:3      | Reached skill level 6 in Conjurations
  1803 | D:3      | Reached XP level 4. HP: 23/24 MP: 2/10
  1808 | D:3      | Learned a level 4 spell: Iskenderun's Mystic Blast
  2044 | D:3      | Noticed a scorpion
  2049 | D:3      | Killed a scorpion
  2050 | D:3      | Reached skill level 7 in Conjurations
  2050 | D:3      | Reached XP level 5. HP: 28/28 MP: 4/11
  2232 | D:3      | Noticed Grinder
  2237 | D:3      | Paralysed by Grinder for 5 turns
  2242 | D:3      | Killed Grinder
  2243 | D:3      | Reached skill level 8 in Conjurations
  2243 | D:3      | Reached XP level 6. HP: 29/32 MP: 4/12
  2498 | D:3      | Found an iron altar of Okawaru.
  3333 | D:4      | Reached skill level 9 in Conjurations
  3811 | D:4      | Reached XP level 7. HP: 36/36 MP: 8/15
  4085 | D:5      | Entered Level 5 of the Dungeon
  4240 | D:5      | Found a sparkling altar of Nemelex Xobeh.
  4272 | D:5      | Reached skill level 5 in Spellcasting
  4567 | D:5      | Identified the +2 ring mail of Iprirez {rC+ Int+4}
  5404 | D:6      | Found an opulent altar of Gozag.
  5438 | D:6      | Noticed Menkaure
  5445 | D:6      | Killed Menkaure
  5446 | D:6      | Reached XP level 8. HP: 41/41 MP: 13/22
  5612 | D:6      | Found a burning altar of Makhleb.
  5612 | D:6      | Found a blossoming altar of Fedhas.
  5619 | D:6      | Found an ornate altar of the Wu Jian Council.
  5621 | D:6      | Found a radiant altar of Vehumet.
  5626 | D:6      | Became a worshipper of Vehumet
  6152 | D:6      | Reached skill level 5 in Dodging
  6255 | D:6      | Noticed Eustachio
  6284 | D:6      | Killed Eustachio
  6483 | D:6      | Found a staircase to the Ecumenical Temple.
  6649 | D:7      | Identified the +5 sling "Ikareqy" {flame, rCorr Str+2}
  6695 | D:7      | Reached XP level 9. HP: 45/45 MP: 19/24
  6794 | D:7      | Reached skill level 10 in Conjurations
  7223 | D:7      | Reached * piety under Vehumet
  7223 | D:7      | Offered knowledge of Sting by Vehumet.
  7291 | D:7      | Reached skill level 11 in Conjurations
  7338 | D:7      | Found a broken altar of Ashenzari.
  7629 | D:8      | Noticed a two-headed ogre
  7633 | D:8      | Noticed Pikel
  7746 | D:8      | Killed a two-headed ogre
  7747 | D:8      | Reached skill level 12 in Conjurations
  7760 | D:8      | Killed Pikel
  7931 | D:8      | Found a glowing golden altar of the Shining One.
  7981 | D:8      | Noticed a green ugly thing
  7998 | D:8      | Killed a green ugly thing
  7999 | D:8      | Reached skill level 13 in Conjurations
  7999 | D:8      | Reached XP level 10. HP: 50/50 MP: 2/25
  8708 | D:9      | Noticed an orange demon
  8713 | D:9      | Reached skill level 14 in Conjurations
  9008 | D:9      | Offered knowledge of Shock by Vehumet.
  9014 | D:9      | Reached ** piety under Vehumet
  9016 | D:9      | Reached skill level 10 in Spellcasting
  9425 | D:9      | Noticed a two-headed ogre
  9602 | D:9      | Found a sacrificial altar of Ru.
  9665 | D:9      | Killed a two-headed ogre
  9982 | D:10     | Entered Level 10 of the Dungeon
 10009 | D:10     | Noticed Erica
 10029 | D:10     | Killed Erica
 10196 | D:10     | Reached XP level 11. HP: 45/60 MP: 10/29
 10606 | D:10     | Offered knowledge of Static Discharge by Vehumet.
 10608 | D:10     | Noticed Grum
 10622 | D:10     | Killed Grum
 10626 | D:10     | Reached skill level 5 in Fighting
 10793 | D:10     | Found a staircase to the Lair.
 10854 | D:10     | Reached *** piety under Vehumet
 11204 | D:11     | Noticed a two-headed ogre
 11212 | D:11     | Killed a two-headed ogre
 11284 | D:11     | Reached skill level 1 in Armour
 11341 | D:11     | Noticed Snorg
 11365 | D:11     | HP: 3/64 [Snorg (4)]
 11365 | D:11     | Slain by Snorg

Illustrated notes

Levels and vault maps discovered:
D:1:      dpeg_arrival_radiant, layout_loops_corners
D:2:      layout_rooms, dreamdust_ecumenical_altar_drowned_temple,
          kennysheep_generic_room_11
D:3:      layout_basic, mainiacjoe_overflow_surrounded_room,
          gammafunk_ghost_mausoleum, uniq_grinder
D:4:      layout_cave_pods, nicolae_concentric_dashed_squares_wild
D:5:      layout_basic, nicolae_overflow_crystal_walls,
          chequers_serial_rivers_micro_d, grunt_ministairs_9,
          kennysheep_generic_room_10
D:6:      layout_rooms, grunt_gozag_breadcrumbs,
          nicolae_overflow_macrodata_refinement,
          minmay_temple_entry_enclosed_plants, hangedman_minor_gate_pass,
          uniq_eustachio, uniq_menkaure, uniq_jeremiah
D:7:      layout_rooms, evilmike_ruin_ashenzari, kennysheep_potato
D:8:      layout_loops_cross, tso_metal_star, minmay_misc_feat_plants,
          uniq_pikel
D:9:      layout_cave_pools, nicolae_ru_sacrificial_ziggurat, abandoned_shop,
          hangedman_decor_diamond_cutter
D:10:     layout_big_octagon, minmay_lair_entry_grove, uniq_erica, uniq_grum
D:11:     layout_gridville, orc_0_dummy, uniq_snorg

Skill      XL: |  1  2  3  4  5  6  7  8  9 10 11 |
---------------+----------------------------------+-----
Conjurations   | 5 6 7 8 9 13 14 | 14.0
Spellcasting   | 4 8 9 12 | 12.0
Dodging        | 7 |  7.0
Translocations | 3 |  3.0
Fighting       | 3 6 |  6.0
Armour         | 1 |  1.3
Stealth        | |  2.4

Action                     |  1- 3 |  4- 6 |  7- 9 | 10-12 || total
---------------------------+-------+-------+-------+-------++-------
  Melee: Dagger            |       |     3 |       |       ||     3
   Fire: Sling             |       |       |    29 |    15 ||    44
   Cast: Magic Dart        |    60 |    94 |    64 |    42 ||   260
         Searing Ray       |       |     8 |    52 |    33 ||    93
         Iskenderun's Myst |       |       |     9 |    58 ||    67
  Evoke: Wand              |       |       |       |     5 ||     5
    Use: Potion            |       |       |     3 |     2 ||     5
 Armour: Robe              |     4 |       |       |       ||     4
         Leather armour    |     3 |     5 |    44 |    75 ||   127
  Dodge: Dodged            |     2 |     6 |    44 |    66 ||   118

Table legend: (Time is in decaauts)
 A = Elapsed time spent in this place.
 B = Non-inter-level travel time spent in this place.
 C = Inter-level travel time spent in this place.
 D = Time resting spent in this place.
 E = Time spent auto-exploring this place.
 F = Levels seen in this place.
 G = Mean time per level.
                   A        B        C        D        E       F      G
               +--------+--------+--------+--------+--------+-----+--------+
         Total |  11391 |  11129 |    262 |    738 |   8974 |  11 | 1035.5 |
       Dungeon |  11391 |  11129 |    262 |    738 |   8974 |  11 | 1035.5 |
               +--------+--------+--------+--------+--------+-----+--------+

Top non-repeatable levels by time:
     D:8: 1650 daAuts
     D:4: 1485 daAuts
     D:6: 1308 daAuts
     D:5: 1136 daAuts
     D:1: 1106 daAuts
     D:3: 1075 daAuts
     D:7: 1010 daAuts
     D:9: 931 daAuts
    D:10: 920 daAuts
     D:2: 525 daAuts
    D:11: 239 daAuts
